 Dungeon Crawl Stone Soup version 0.30-a0-368-g86fb4627a9 (webtiles) character file.

Game seed: 4189412138522455125

249 KennySheep the Changer (level 5, 0/40 HPs)
             Began as a Demigod Transmuter on Nov 19, 2022.
             Succumbed to a scorpion's poison
             ... on level 4 of the Dungeon.
             The game lasted 00:08:40 (2752 turns).

KennySheep the Changer (Demigod Transmuter)         Turns: 2752, Time: 00:08:40

Health: 0/40       AC:  2    Str: 15    XL:     5   Next: 56%
Magic:  10/10      EV: 12    Int: 15    God:
Gold:   76         SH:  0    Dex: 14    Spells: 1/7 levels left

rFire   . . .      SeeInvis .      - Unarmed
rCold   . . .      Faith    .    (no shield)
rNeg    . . .      Spirit   .    a - +0 robe
rPois   .          Reflect  .    (helmet currently unavailable)
rElec   .          Harm     .    (no cloak)
rCorr   .          Rampage  .    (no gloves)
Will    .....                    (boots currently unavailable)
Stlth   +.........               (no amulet)
HPRegen 0.26/turn                (no ring)
MPRegen 0.12/turn                (no ring)

@: lethally poisoned (0 -> -26), appendages (expiring)
A: horns 2, talons 2, high MP 1, forlorn, divine attributes
a: End Transformation


You were on level 4 of the Dungeon.
You had temporarily grown beastly horns and talons.
You visited 1 branch of the dungeon, and saw 4 of its levels.

You collected 76 gold pieces.

Inventory:

Missiles
 i - 5 boomerangs of dispersal
 j - 5 boomerangs
Armour
 a - a +0 robe (worn)
 m - a +0 pair of boots (melded)
Jewellery
 g - a ring of magical power
 o - a ring of fire
Scrolls
 c - a scroll of immolation {unknown}
 f - 2 scrolls of teleportation
 k - a scroll of brand weapon
 n - a scroll of fog
Potions
 b - 2 potions of attraction
 h - a potion of cancellation
 p - a potion of resistance {unknown}
 q - a potion of ambrosia {unknown}
 r - a potion of magic {unknown}


   Skills:
 - Level 1.6 Fighting
 - Level 2.3 Dodging
 - Level 3.1 Unarmed Combat
 - Level 1.7 Spellcasting
 * Level 3.6 Transmutations
 * Level 3.0 Poison Magic


You had one spell level left.
You knew the following spells:

 Your Spells              Type           Power      Damage    Failure   Level
a - Beastly Appendage     Tmut           24%        N/A       4%          1
b - Wereblood             Tmut           12%        N/A       8%          2
c - Spider Form           Tmut/Pois      11%        N/A       17%         3

Your spell library contained the following spells:

 Spells                   Type           Power      Damage    Failure   Level
 Freeze                   Ice            4%         1d3       22%         1
 Blink                    Tloc           2%         N/A       34%         2
 Momentum Strike          Conj/Tloc      2%         3d8       34%         2
 Frozen Ramparts          Ice            2%         1d1       56%         3
 Hailstorm                Conj/Ice       1%         3d3       56%         3
 Lesser Beckoning         Tloc           2%         N/A       56%         3
 Ice Form                 Ice/Tmut       6%         N/A       71%         4


Dungeon Overview and Level Annotations

Branches:
Dungeon (4/15)
 Temple: D:4-7

Shops:
D:1 [

Annotations:
D:3 Robin


Innate Abilities, Weirdness & Mutations

You have temporarily grown beastly horns and talons.
You have an increased reservoir of magic. (+10% MP)
You shall have no god before yourself.
Your divine heritage dramatically boosts your attributes as you level up.


Message History

You feel sick. The scorpion stings you.
You are lethally poisoned!
The scorpion poisons you!
You feel much better.
You feel very sick. The scorpion stings you.
You hit the scorpion but do no damage.
The scorpion is moderately wounded.
You feel very sick. The scorpion stings you.
You are more poisoned.
The scorpion poisons you!
You feel much better.
You feel very sick. The scorpion stings you.
You are more poisoned.
The scorpion poisons you!
You hit the scorpion.
You claw the scorpion, but do no damage.
The scorpion is moderately wounded.
Your transformation is almost over.
You feel very sick. The scorpion stings you.
You are lethally poisoned!
The scorpion poisons you! The scorpion closely misses you.
You closely miss the scorpion. Your kick misses the scorpion.
The scorpion is moderately wounded.
You feel extremely sick. The scorpion stings you.
* * * LOW HITPOINT WARNING * * *
You are more poisoned.
The scorpion poisons you!
You barely miss the scorpion.
The scorpion is moderately wounded.
* * * LOW HITPOINT WARNING * * *
You feel very sick.
The scorpion stings you but does no damage.
You closely miss the scorpion.
The scorpion is moderately wounded.
You die...

#............#....'..
#............#....#..
##'####.##.###.##+##.
##..###+##. #.##.##.
#.....# .. ...#....
#.....# ... #...+....
#....##..## #.###.##.
#....# #####.##.
#...@# #...... #...s+
#...... ##...#
#...... #...# ###.###
..[.# #+###'## #?...+
#......# #....#
+......# ##...#
#####.### ###.###


You could see a scorpion.

Vanquished Creatures
  A scorpion (D:4)
  An orc priest (D:4)
  An iguana (D:4)
  3 gnolls (D:2)
  3 adders
  A worm (D:2)
  A dart slug (D:1)
  9 orcs
  6 endoplasms
  7 giant cockroaches
  4 goblins
  3 hobgoblins
  5 quokkas
  8 ball pythons
  5 bats
  2 frilled lizards (D:2)
  4 kobolds
  5 rats
69 creatures vanquished.

Vanquished Creatures (others)
  A plant (D:2)
1 creature vanquished.

Grand Total: 70 creatures vanquished

Notes
Turn   | Place    | Note
-------+----------+-------------------------------------------
     0 | D:1      | KennySheep the Demigod Transmuter began the quest for the
                  | Orb.
     0 | D:1      | Reached XP level 1. HP: 15/15 MP: 5/5
   156 | D:1      | Reached skill level 1 in Fighting
   244 | D:1      | Found Wutia's Armour Emporium.
   373 | D:1      | Reached XP level 2. HP: 16/23 MP: 5/7
   376 | D:1      | Learned a level 2 spell: Wereblood
   535 | D:1      | Reached skill level 1 in Poison Magic
  1008 | D:2      | Reached XP level 3. HP: 16/28 MP: 5/8
  1426 | D:2      | Reached XP level 4. HP: 15/35 MP: 6/9
  1632 | D:2      | Learned a level 3 spell: Spider Form
  2328 | D:3      | Noticed Robin
  2508 | D:4      | Reached XP level 5. HP: 12/40 MP: 7/10
  2596 | D:4      | HP: 2/40 [orc priest/nerve-wracking pain (7)]
  2752 | D:4      | Succumbed to a scorpion's poison

Illustrated notes

Levels and vault maps discovered:
D:1:      mrwooster_arrival_arrow, layout_basic, serial_shops, shop,
          serial_bayou_pond_c, hex_tiny
D:2:      layout_basic, minivault_11, grunt_ministairs_6, nicolae_grassy_gnolls
D:3:      layout_basic, uniq_robin
D:4:      layout_gridville, kennysheep_small_circle, uniq_blork_the_orc

Skill      XL: |  1  2  3  4  5 |
---------------+----------------+-----
Fighting       | 1 |  1.6
Transmutations | 2 3 |  3.6
Dodging        | 2 |  2.3
Poison Magic   | 1 2 3 |  3.0
Unarmed Combat | 3 |  3.1
Spellcasting   | |  1.7

Action                   |  1- 3 |  4- 6 || total
-------------------------+-------+-------++-------
Melee: Unarmed           |   135 |   123 ||   258
       Kick              |     7 |    24 ||    31
       Headbutt          |     9 |    15 ||    24
       Punch             |     3 |     2 ||     5
 Cast: Beastly Appendage |    12 |    16 ||    28
       Wereblood         |     4 |     3 ||     7
       Spider Form       |       |     1 ||     1
  Use: Potion            |     3 |     8 ||    11
       Scroll            |     1 |     2 ||     3
 Stab: Sleeping          |     3 |       ||     3
Armor: Robe              |    29 |    16 ||    45
       Skin              |     2 |       ||     2
Dodge: Dodged            |    92 |   104 ||   196

Table legend: (Time is in decaauts)
 A = Elapsed time spent in this place.
 B = Non-inter-level travel time spent in this place.
 C = Inter-level travel time spent in this place.
 D = Time resting spent in this place.
 E = Time spent auto-exploring this place.
 F = Levels seen in this place.
 G = Mean time per level.
                   A        B        C        D        E       F      G
               +--------+--------+--------+--------+--------+-----+--------+
         Total |   2737 |   2711 |     26 |    268 |   1804 |   4 |  684.2 |
       Dungeon |   2737 |   2711 |     26 |    268 |   1804 |   4 |  684.2 |
               +--------+--------+--------+--------+--------+-----+--------+

Top non-repeatable levels by time:
     D:1: 979 daAuts
     D:2: 923 daAuts
     D:3: 438 daAuts
     D:4: 396 daAuts
